 Dungeon Crawl Stone Soup version 0.22-a0-858-g985ef60 (webtiles) character file.

2102549 kuniqs the Talismancer (level 27, 298/298 HPs)
             Began as a Deep Dwarf Fighter on July 27, 2018.
             Was the Champion of Makhleb.
             Escaped with the Orb
             ... and 3 runes on July 28, 2018!
             The game lasted 01:48:10 (49834 turns).

kuniqs the Talismancer (Deep Dwarf Fighter)        Turns: 49834, Time: 01:48:11

Health: 298/298    AC: 53    Str: 54    XL:     27
Magic:  31/31      EV: 18    Int: 10    God:    Makhleb [******]
Gold:   6120       SH: 31    Dex: 10    Spells: 26/26 levels left

rFire    + + .     SeeInvis +   D - +9 broad axe (freeze)
rCold    + . .     Gourm    .   l - +2 large shield {AC+3}
rNeg     + + .     Faith    .   R - +10 gold dragon scales
rPois    +         Spirit   .   n - +2 helmet {SInv}
rElec    .         Reflect  .   Q - +2 cloak {MR+}
rCorr    .         Harm     .   y - +2 pair of gloves {archery}
MR       +++++                  r - +0 pair of boots {run}
Stlth    ..........             p - macabre finger necklace {rN+}
HPRegen  0.00/turn              O - ring "Ryfudaig" {Str+3 Slay+3 Stlth+}
MPRegen  0.22/turn              V - ring "Uzois" {Str+7 Slay+3 Stlth+}
                                z - ring "Eheisad" {*Slow rF+ EV+1 Str+10 Dex-2}

@: non-regenerating, quick
A: damage resistance, heal wounds, hooves 1, thin metallic scales 1, negative
energy resistance 1, sense surroundings 3, strong 1, no regeneration
0: Orb of Zot
}: 3/15 runes: decaying, silver, gossamer
a: Heal Wounds, Minor Destruction, Lesser Servant of Makhleb, Major Destruction,
Greater Servant of Makhleb, Renounce Religion


You escaped.
You worshipped Makhleb.
Makhleb was exalted by your worship.
You were very full.

You visited 11 branches of the dungeon, and saw 53 of its levels.
You also visited: Labyrinth.

You collected 11305 gold pieces.
You spent 5185 gold pieces at shops.

Inventory:

Hand Weapons
 D - a +9 broad axe of freezing (weapon)
Missiles
 u - a throwing net (quivered)
Armour
 l - a +2 large shield of protection (worn)
 n - a +2 helmet of see invisible (worn)
 r - a +0 pair of boots of running (worn)
 y - a +2 pair of gloves of archery (worn)
 Q - a +2 cloak of magic resistance (worn)
 R - +10 gold dragon scales (worn)
Jewellery
 p - the macabre finger necklace (around neck) {rN+}
   (You took it off a deep elf annihilator on level 3 of the Elven Halls)

   [amulet of nothing]

   It protects you from negative energy.
 z - the ring "Eheisad" (on amulet) {*Slow rF+ EV+1 Str+10 Dex-2}
   (You took it off a fire giant on level 5 of the Vaults)

   [ring of evasion]

   It affects your evasion (+1).
   It affects your strength (+10).
   It affects your dexterity (-2).
   It protects you from fire.
   It may slow you when you take damage.
 O - the ring "Ryfudaig" (left hand) {Str+3 Slay+3 Stlth+}
   (You found it on level 2 of the Elven Halls)

   [ring of strength]

   It affects your strength (+3).
   It affects your accuracy and damage with ranged weapons and melee attacks
   (+3).
   It makes you more stealthy.
 V - the ring "Uzois" (right hand) {Str+7 Slay+3 Stlth+}
   (You found it in a labyrinth)

   [ring of stealth]

   It affects your strength (+7).
   It affects your accuracy and damage with ranged weapons and melee attacks
   (+3).
   It makes you more stealthy.
Wands
 i - a wand of paralysis (25)
 t - a wand of scattershot (7)
 x - a wand of enslavement (43)
 E - a wand of acid (38)
 F - a wand of digging (28)
 I - a wand of iceblast (27)
 P - a wand of disintegration (41)
 S - a wand of clouds (21)
Scrolls
 a - 12 scrolls of fog
 b - 15 scrolls of blinking
 j - 2 scrolls of magic mapping
 q - 19 scrolls of teleportation
 s - 13 scrolls of fear
 v - 2 scrolls of summoning
 H - 2 scrolls of immolation
 J - a scroll of enchant armour
 L - 42 scrolls of remove curse {@r2}
 M - 5 scrolls of vulnerability
 N - 14 scrolls of identify {@r1}
 X - 2 scrolls of holy word
 Y - a scroll of silence
Potions
 d - 5 potions of might
 e - 9 potions of heal wounds
 m - 18 potions of curing {@q1}
 o - 4 potions of invisibility
 w - 7 potions of agility
 A - 5 potions of resistance
 B - a potion of flight
 G - 8 potions of cancellation
 K - 7 potions of haste
 U - 7 potions of lignification
 W - 4 potions of ambrosia
 Z - 6 potions of mutation
Miscellaneous
 g - 6 phantom mirrors
 h - a lamp of fire
 k - 5 boxes of beasts
 C - 2 sacks of spiders
 T - a fan of gales
Comestibles
 f - 104 rations


   Skills:
 O Level 27 Fighting
 - Level 18.0 Axes
 - Level 22.0 Armour
 + Level 19.5 Dodging
 - Level 20.0 Shields
 - Level 8.0 Invocations
 O Level 27 Evocations


You had 26 spell levels left.
You didn't know any spells.
Your spell library was empty.

Dungeon Overview and Level Annotations

Branches:
Dungeon (15/15)            Temple (1/1) D:7            Lair (6/6) D:9
  Swamp (4/4) Lair:3       Spider (4/4) Lair:4        Slime (0/5) Lair:6
    Orc (2/2) D:11            Elf (3/3) Orc:2        Vaults (5/5) D:13
  Crypt (3/3) Vaults:3       Tomb (0/3) Crypt:3      Depths (5/5) D:15
    Zot (5/5) Depths:5

Altars:
Ashenzari
Dithmenos
Elyvilon
Fedhas
Kikubaaqudgha
Makhleb
Nemelex Xobeh
Okawaru
Qazlal
Ru
Sif Muna
Trog
Uskayaw
Vehumet
Wu Jian
Xom
Yredelemnul
Beogh
Jiyva

Shops:
D:4 :   Orc:1 [%   Orc:2 (%}*   Elf:3 %   Vaults:1 ?(*   Vaults:4 !
Vaults:5 }   Depths:1 :%   Depths:2 }(}%

Portals:
Hell: Depths:1 Depths:2 Depths:3 Depths:4 Depths:5
Abyss: Depths:2 Depths:3 Depths:4 Depths:5
Pandemonium: Depths:1 Depths:3
Ziggurat: Depths:5
Trove: Depths:5 (give +7 demon trident)

Annotations:
D:14 3 runed doors, Joegoef's ghost, journeyman DEAE; Oropasm's ghost, journeyman SpBe; Yxiy's ghost, journeyman TrMo
Lair:2 3 runed doors, Depyiwoq's ghost, journeyman TrEE
Lair:3 1 runed door, exclusion: oklob plant, Mgcat's ghost, journeyman HaBe


Innate Abilities, Weirdness & Mutations

You are resistant to damage.
You can heal yourself by infusing magical energy.
You resist negative energy. (rN+)
You passively map a large area around you.
You do not regenerate.
You have large cloven feet.
You are partially covered in thin metallic scales. (AC +2)
Your muscles are strong. (Str +2)


Message History

(D) Dungeon (T) Temple (L) Lair (S) Swamp (N) Spider Nest (M) Slime Pits (O) Orcish Mines (E) Elv'n Halls (V) Vaults (C) Crypt (W) Tomb (U) Depths (H) Hell (Z) Zot Where ta? (Enter - D:1, ? - help) Thar be an op'n door 'ere.
Thar be a stone staircase leadin' up 'ere.
Ye climb upwards.
Thar be a stone staircase leadin' down 'ere.
Thar be a stone staircase leadin' up 'ere.
Ye climb upwards.
Thar be a stone staircase leadin' down 'ere.
Thar be an op'n door 'ere.
Ye hear a grindin' noise.
Thar be an op'n door 'ere.
Ye hear a grindin' noise.
Ye hear a grindin' noise.
Thar be an op'n door 'ere.
Thar be a staircase leadin' outta tha dungeon 'ere.
Ye haf 'scaped!

.....### ##...........#.....#....
....## ######'####.#.....#....
....##########≈♣.♣≈##.#.....#....
.>..'..)....#≈≈♣.♣≈≈#.#.....####'
....#######(#≈≈♣.♣≈≈#.'.....'....
#'### #.#≈♣...♣≈###.....##... #.#
#.#♣.....♣ #####.##... #.#
#####.##.#.#.# #.##... #.#
#.....####@### #.#####
#.#####.....###############.#####
#.#...'..........................
#.#.###....########..######.#####
#.#.# #.(..# #........# ###.##...
#.#.# ###### #........# #....+...
#.#.##########........# #.#.##...
#.#.##.........)......# #.#.##...
#.#.##.........#####'## #.#.##...


There were no monsters in sight!

Vanquished Creatures
  5 orbs of fire
  Mennas (Vaults:2)
  Mara (Depths:2)
  3 juggernauts
  6 ancient liches
  Sojobo (Depths:2)
  Boris (Vaults:3)
  Margery (Depths:3)
  Bai Suzhen (Elf:3)
  Frederick (Crypt:1)
  2 Killer Klowns
  10 caustic shrikes
  3 curse toes
  10 golden dragons
  Nikola (Swamp:4)
  the Enchantress (Depths:3)
  Arachne (Spider:4)
  Jorgrun (Depths:5)
  7 liches
  2 electric golems (Zot:1)
  16 tentacled monstrosities
  Rupert (Lair:3)
  The ghost of Moirulut the Tortoise, an adept GrFi of Makhleb (Crypt:2)
  23 Orb Guardians
  An Ice Fiend (Zot:5)
  2 deep elf blademasters
  3 acid blobs (Depths:5)
  2 deep elf master archers (Elf:3)
  4 titans
  9 quicksilver dragons
  4 ancient champions
  6 sphinxes
  Kirke (Lair:5)
  Frances (Spider:2)
  5 death cobs
  11 shadow dragons
  A thorn hunter (Swamp:4)
  A daeva (Depths:5)
  Donald (Elf:1)
  8 tengu reavers
  21 storm dragons
  7 draconian monks
  Roxanne (D:14)
  21 fire giants
  6 azure jellies
  14 vault wardens
  4 revenants
  Aizul (Elf:3)
  12 deep elf sorcerers
  3 iron dragons
  8 draconian knights
  8 ghost moths
  14 frost giants
  7 emperor scorpions
  An orc warlord (Vaults:5)
  4 draconian stormcallers
  6 draconian scorchers
  A juggernaut zombie (D:15)
  18 very ugly things
  4 draconian shifters
  6 ghouls
  7 deep elf elementalists
  2 curse skulls
  An angel (Depths:5)
  18 ironheart preservers
  7 spriggan defenders
  20 stone giants
  6 war gargoyles
  11 draconian annihilators
  6 caustic shrike skeletons (Depths:3)
  12 vampire knights
  Nessos (D:12)
  16 green draconians
  6 entropy weavers
  Azrael (Spider:2)
  11 black draconians
  2 dire elephants (Lair:6)
  7 red draconians
  4 deep elf demonologists (Elf:3)
  8 yellow draconians
  16 purple draconians
  A minotaur (Lab)
  5 white draconians
  8 deep elf annihilators
  10 spark wasps
  3 eidola
  14 ettins
  A crystal guardian (Vaults:2)
  6 jiangshi
  A green death (D:7)
  4 deep elf death magi
  15 yaktaur captains
  11 fire dragons
  12 great orbs of eyes
  4 death oozes (Depths:5)
  Harold (D:7)
  8 deep elf high priests
  Erolcha (D:10)
  6 spriggan air magi
  21 ice dragons
  6 rakshasas
  12 hydras
  A hydra (shapeshifter) (Vaults:5)
  45 vault guards
  5 death knights
  4 ghost crabs
  A catoblepas (Lair:6)
  12 ogre magi
  2 two-headed ogres (shapeshifter)
  12 centaur warriors
  31 dancing weapons
  24 two-headed ogres
  6 death yaks
  12 alligators
  A queen ant (shapeshifter) (Vaults:5)
  3 tengu warriors
  2 orc high priests (Orc:2)
  6 spriggan berserkers
  A queen ant (D:9)
  A soul eater (Crypt:2)
  The ghost of kirsanium the Martial Artist, a novice OpTm of Cheibriados (D:9)
  5 vampire magi
  4 hell hogs (Depths:5)
  7 deep troll shamans
  10 deep troll earth magi
  27 deep elf knights
  A titan skeleton (Crypt:2)
  Sonja (D:10)
  Urug (Lair:5)
  3 shock serpents (Vaults:3)
  12 hell knights
  4 shadow wraiths
  11 skeletal warriors
  5 iron trolls
  A fire crab (shapeshifter) (Depths:1)
  2 salamander mystics (Depths:4)
  38 deep trolls
  A deep troll (shapeshifter) (Vaults:4)
  A death drake (shapeshifter) (Depths:4)
  6 wizards
  10 swamp dragons
  8 spriggan druids
  A shambling mangrove (Swamp:1)
  2 shadow demons
  6 unseen horrors
  A golden dragon zombie (Depths:4)
  A storm dragon skeleton (Depths:4)
  16 flayed ghosts
  27 deep elf archers
  A wolf spider zombie (Crypt:1)
  A lindwurm (Lair:6)
  25 ironbrand convokers
  81 deep elf magi
  19 orb spiders
  An anaconda skeleton (Crypt:3)
  A harpy (Vaults:5)
  Pikel (D:4)
  17 orc knights
  7 necromancers
  A mana viper (shapeshifter) (Vaults:5)
  An oklob plant (Lair:2)
  34 wolf spiders
  An orb spider (shapeshifter) (Vaults:1)
  20 phantasmal warriors
  6 salamanders (Depths:4)
  A salamander (shapeshifter) (Vaults:4)
  5 orc sorcerers
  2 shadow dragon skeletons
  10 cyclopes
  77 ugly things
  A moth of wrath (shapeshifter) (Vaults:5)
  26 moths of wrath
  An iron dragon zombie (Crypt:2)
  4 manticores
  8 black mambas
  A dire elephant zombie (Crypt:2)
  3 stone giant skeletons
  A naga mage (Vaults:3)
  7 vault sentinels
  A guardian serpent (Elf:3)
  A guardian serpent (shapeshifter) (Depths:1)
  2 frost giant skeletons
  7 fire giant skeletons
  An orange demon (D:6)
  8 gargoyles
  4 torpor snails
  10 komodo dragons
  A spiny frog (shapeshifter) (Vaults:2)
  18 spiny frogs
  7 rime drakes
  An elf zombie (Vaults:5)
  A rime drake (shapeshifter) (Vaults:4)
  41 yaktaurs
  A pale draconian zombie (Crypt:1)
  A yaktaur (shapeshifter) (D:14)
  2 hellions
  9 demonic crawlers
  An efreet (D:13)
  A dire elephant skeleton (Crypt:3)
  18 freezing wraiths
  A red devil (Depths:4)
  4 tengu conjurers (Depths:3)
  A hellwing (Depths:4)
  3 meliai (shapeshifter)
  A queen bee (shapeshifter) (D:13)
  A guardian mummy (Crypt:3)
  A hydra zombie (Crypt:2)
  A polar bear (shapeshifter) (Depths:2)
  A queen bee (Spider:3)
  9 trolls
  A troll (shapeshifter) (Depths:4)
  35 jumping spiders
  A tyrant leech (shapeshifter) (Vaults:5)
  A jumping spider (shapeshifter) (Vaults:3)
  2 polar bears
  30 hornets
  2 raiju (Vaults:3)
  A harpy skeleton (Crypt:2)
  3 meliai (Spider:3)
  9 tyrant leeches
  A raiju (shapeshifter) (Vaults:3)
  25 slime creatures
  15 blink frogs
  A hydra skeleton (Crypt:3)
  7 bog bodies
  9 hippogriffs
  A hippogriff (shapeshifter) (Depths:1)
  13 dream sheep
  2 spriggan zombies (D:15)
  A fire dragon zombie (Crypt:2)
  54 redbacks
  7 air elementals
  A fire giant simulacrum (Vaults:2)
  3 flying skulls (Crypt:1)
  10 shadows
  2 ettin skeletons (Vaults:3)
  A human (shapeshifter) (Depths:2)
  27 tarantellas
  11 fire dragon skeletons (Crypt:3)
  A redback (shapeshifter) (Vaults:5)
  44 spriggans
  3 water elementals (Elf:2)
  A tarantella (shapeshifter) (Depths:2)
  8 wyverns
  2 vampires
  17 wraiths
  5 hogs (Lair:5)
  9 basilisks
  A black mamba skeleton (Crypt:2)
  Eustachio (D:6)
  5 fire elementals
  A golden eye (shapeshifter) (Depths:2)
  2 hogs (shapeshifter)
  33 yaks
  An ushabti (Crypt:3)
  A human (Spider:3)
  4 chaos spawn (Depths:2)
  6 hungry ghosts
  4 steam dragons
  A human simulacrum (Vaults:4)
  3 swamp worm simulacra (Swamp:4)
  Menkaure (D:4)
  2 elf skeletons
  13 vampire mosquitoes
  3 large abominations (Depths:2)
  19 swamp worms
  4 wargs
  A water nymph zombie (Crypt:2)
  8 acid dragons
  14 hydra simulacra (Swamp:4)
  20 soldier ants (D:9)
  9 porcupines
  3 floating eyes
  4 hell hounds (Spider:2)
  A hornet zombie (Crypt:1)
  28 orc warriors
  6 ice beasts
  14 water moccasins
  8 swamp drakes
  An ice dragon simulacrum (Crypt:1)
  4 sky beasts
  2 black bears
  A swamp dragon zombie (Crypt:2)
  35 ogres
  4 small abominations (Depths:2)
  33 wolves
  4 phantoms
  2 eyes of draining
  14 boggarts
  18 centaurs
  4 necrophages (Crypt:2)
  A snapping turtle skeleton (Crypt:3)
  13 crocodiles
  3 big kobolds
  A rime drake skeleton (Crypt:2)
  A hippogriff zombie (Crypt:1)
  11 bullfrogs
  11 earth elementals
  A glowing shapeshifter simulacrum (Depths:4)
  5 human skeletons (Vaults:3)
  6 scorpions
  A water moccasin skeleton (D:7)
  15 killer bees
  3 elf simulacra
  A shapeshifter zombie (Crypt:1)
  A howler monkey (D:6)
  13 wights
  An electric eel (Spider:2)
  8 crimson imps
  2 yaktaur simulacra
  8 hounds
  19 jellies
  A quasit (D:7)
  3 centaur zombies
  34 orc wizards
  5 bullfrog skeletons
  21 orc priests
  4 centaur skeletons
  Natasha (thrice) (D:3)
  6 iguanas
  A lightning spire (Vaults:3)
  22 worker ants
  A porcupine skeleton (Crypt:1)
  A felid skeleton (Crypt:1)
  2 hound zombies
  3 hound skeletons
  9 mummies (Crypt:3)
  11 gnolls
  24 adders
  A scorpion zombie (Crypt:2)
  3 shadow imps
  A white imp (Vaults:2)
  11 oozes
  5 swamp drake simulacra (Swamp:4)
  An adder skeleton (D:9)
  A worm (D:4)
  3 dart slugs (D:1)
  4 leopard geckos
  86 orcs
  A ball python (D:1)
  4 bats
  6 giant cockroaches
  7 goblins
  5 hobgoblins
  11 jackals
  2 quokkas
  3 frilled lizards
  3 giant cockroach zombies (Crypt:2)
  A gnoll zombie (Crypt:1)
  A hobgoblin zombie (Crypt:2)
  2 jackal skeletons
  20 kobolds
  A leopard gecko skeleton (D:5)
  An orc simulacrum (Crypt:1)
  A quokka skeleton (D:8)
  4 rats
  6 briar patches (Swamp:4)
  3 bushes (Lair:6)
  2 crawling corpses (Elf:3)
  5 fungi
  8 plants
  5 withered plants (Crypt:3)
2747 creatures vanquished.

Vanquished Creatures (collateral kills)
  A tengu warrior (D:14)
  An orc high priest (Orc:2)
  An orc knight (D:15)
  A necromancer (D:15)
  A troll (D:15)
  An orc sorcerer (Orc:2)
  An orb spider (Spider:1)
  A cyclops (D:15)
  A deep elf mage (D:14)
  The ghost of emiel the Twirler, a novice SpAK of Lugonu (D:8)
  A spriggan zombie (D:15)
  2 hogs (Lair:5)
  3 orc warriors
  2 jellies (D:8)
  3 orc priests
  An orc wizard (D:15)
  2 worker ants (D:14)
  6 orcs
30 creatures vanquished.

Vanquished Creatures (others)
  A caustic shrike (Depths:2)
  A draconian knight (Zot:5)
  Josephine (D:10)
  A ghost crab (Swamp:4)
  A dancing weapon (Elf:1)
  An orc knight (D:15)
  A deep elf knight (Elf:1)
  An unseen horror (shapeshifter) (D:14)
  A tyrant leech (Swamp:4)
  A slime creature (D:8)
  A shadow (D:15)
  A howler monkey (D:4)
  An orc wizard (D:14)
  3 lightning spires (Vaults:3)
  A gnoll (D:4)
  An ufetubus (Zot:5)
  2 ball lightnings
  3 orcs
  2 briar patches (Swamp:4)
  11 fungi
  5 plants
  6 withered plants
47 creatures vanquished.

Grand Total: 2824 creatures vanquished

Notes
Turn   | Place    | Note
-------+----------+-------------------------------------------
     0 | D:1      | kuniqs the Deep Dwarf Fighter began the quest for the Orb.
     0 | D:1      | Reached XP level 1. HP: 20/20 MP: 1/1
   164 | D:1      | Reached XP level 2. HP: 24/27 MP: 2/2
   379 | D:1      | Reached skill level 1 in Dodging
   544 | D:1      | Reached XP level 3. HP: 24/33 MP: 3/3
  1250 | D:2      | Found a sparkling altar of Nemelex Xobeh.
  1348 | D:2      | Found an ornate altar of the Wu Jian Council.
  1690 | D:3      | Noticed Natasha
  1692 | D:3      | Killed Natasha
  1692 | D:3      | Reached XP level 4. HP: 35/42 MP: 4/4
  1765 | D:3      | Reached skill level 1 in Evocations
  1902 | D:3      | Found a faded altar of an unknown god.
  1902 | D:3      | Found a radiant altar of Vehumet.
  1907 | D:3      | Found a faded altar of an unknown god.
  1919 | D:3      | Found an iron altar of Okawaru.
  1920 | D:3      | Found a bloodstained altar of Trog.
  1939 | D:3      | Noticed Natasha
  1953 | D:3      | Killed Natasha
  1953 | D:3      | Reached XP level 5. HP: 49/49 MP: 5/5
  2367 | D:4      | Noticed Menkaure
  2438 | D:4      | Noticed a slave
  2438 | D:4      | Noticed Pikel
  2438 | D:4      | Noticed a slave
  2457 | D:4      | Noticed a slave
  2458 | D:4      | Noticed a slave
  2484 | D:4      | Killed Pikel
  2484 | D:4      | Reached XP level 6. HP: 41/57 MP: 5/7
  2484 | D:4      | Reached XP level 7. HP: 45/63 MP: 5/8
  2678 | D:4      | Found Poumic's Book Boutique.
  2688 | D:4      | Found a shattered altar of Ashenzari.
  2688 | D:4      | Found an ancient bone altar of Kikubaaqudgha.
  2732 | D:4      | Killed Menkaure
  2732 | D:4      | Reached skill level 5 in Armour
  2732 | D:4      | Reached skill level 5 in Shields
  3389 | D:4      | Got a warped scale mail
  3535 | D:5      | Entered Level 5 of the Dungeon
  3569 | D:5      | Reached XP level 8. HP: 52/72 MP: 9/9
  3593 | D:5      | Identified the cursed +1 scale mail of Ydexut {rPois} (You found it on level 4 of the Dungeon)
  3960 | D:5      | Reached skill level 5 in Evocations
  4005 | D:5      | Found a stormy altar of Qazlal.
  4169 | D:5      | Found a shadowy altar of Dithmenos.
  4221 | D:5      | Reached skill level 5 in Axes
  4372 | D:6      | Noticed Eustachio
  4389 | D:6      | Killed Eustachio
  4495 | D:6      | Reached skill level 5 in Fighting
  4495 | D:6      | Reached skill level 5 in Dodging
  4782 | D:6      | Gained mutation: You passively map the area around you. [Deep Dwarf growth]
  4782 | D:6      | Reached XP level 9. HP: 81/81 MP: 11/11
  5435 | D:7      | Found a staircase to the Ecumenical Temple.
  5444 | Temple   | Entered the Ecumenical Temple
  5522 | Temple   | Became a worshipper of Makhleb the Destroyer
  5668 | D:7      | Noticed Harold
  5684 | D:7      | Killed Harold
  5843 | D:7      | Reached XP level 10. HP: 71/91 MP: 12/12
  5906 | D:7      | Found a burning altar of Makhleb.
  6337 | D:8      | Found a runed gate.
  6337 | D:8      | Found a runed gate.
  6341 | D:8      | Found a runed gate.
  6346 | D:8      | Noticed emiel's ghost (novice SpAK)
  6347 | D:8      | Found a viscous altar of Jiyva.
  6423 | D:8      | Killed emiel's ghost
  6751 | D:8      | Reached * piety under Makhleb
  6853 | D:8      | Found a hide-covered altar of Uskayaw.
  7256 | D:9      | Reached ** piety under Makhleb
  7271 | D:9      | Noticed a queen ant
  7283 | D:9      | Killed a queen ant
  7283 | D:9      | Reached skill level 5 in Invocations
  7283 | D:9      | Reached XP level 11. HP: 99/99 MP: 14/14
  7365 | D:9      | Found a runed gate.
  7365 | D:9      | Noticed kirsanium's ghost (novice OpTm)
  7366 | D:9      | Found a runed gate.
  7367 | D:9      | Found a runed gate.
  7367 | D:9      | Found a roughly hewn altar of Beogh.
  7393 | D:9      | Killed kirsanium's ghost
  7439 | D:9      | Got a jewelled flail {flame}
  7439 | D:9      | Got a steaming plate armour
  7654 | D:9      | Found a staircase to the Lair.
  7737 | D:9      | Reached *** piety under Makhleb
  7770 | D:9      | Found a basalt altar of Yredelemnul.
  8016 | D:10     | Entered Level 10 of the Dungeon
  8086 | D:10     | Noticed a two-headed ogre
  8091 | D:10     | Noticed Josephine
  8093 | D:10     | Killed a two-headed ogre
  8106 | D:10     | Your ally died
  8179 | D:10     | Noticed Sonja
  8182 | D:10     | Killed Sonja
  8219 | D:10     | Noticed Erolcha
  8277 | D:10     | Killed Erolcha
  8691 | D:11     | Noticed a seven-headed hydra
  8697 | D:11     | Reached **** piety under Makhleb
  8701 | D:11     | Killed a one-headed hydra
  8708 | D:11     | Found a staircase to the Orcish Mines.
  8727 | D:11     | Noticed a green ugly thing
  8742 | D:11     | Killed a green ugly thing
  8742 | D:11     | Reached XP level 12. HP: 102/109 MP: 15/15
  8902 | D:11     | Reached skill level 10 in Evocations
  9506 | Lair:1   | Entered Level 1 of the Lair of Beasts
  9722 | Lair:1   | Noticed a five-headed hydra
  9723 | Lair:1   | Reached ***** piety under Makhleb
  9740 | Lair:1   | Killed a one-headed hydra
 10269 | Lair:2   | Found a runed gate.
 10270 | Lair:2   | Found a runed gate.
 10270 | Lair:2   | Found a runed gate.
 10272 | Lair:2   | Noticed Depyiwoq's ghost (journeyman TrEE)
 10329 | Lair:2   | Identified the +6 plate armour of the Original Sin {+Blink Dex+2} (You took it off an orc warrior on level 9 of the Dungeon)
 10342 | Lair:2   | Found a labyrinth entrance.
 10393 | Lab      | Entered a labyrinth
 10484 | Lab      | Noticed a minotaur
 10493 | Lab      | Killed a minotaur
 10509 | Lab      | Got a twitching bronze ring
 10595 | Lair:2   | Reached skill level 10 in Shields
 10607 | Lair:2   | Reached skill level 10 in Armour
 11075 | Lair:2   | Noticed a seven-headed hydra
 11084 | Lair:2   | Killed a one-headed hydra
 11324 | Lair:3   | Found a runed door.
 11325 | Lair:3   | Found a shimmering altar of Xom.
 11325 | Lair:3   | Noticed Mgcat's ghost (journeyman HaBe)
 11354 | Lair:3   | Noticed Rupert
 11401 | Lair:3   | Found a staircase to the Swamp.
 11420 | Lair:3   | Reached skill level 10 in Axes
 11420 | Lair:3   | Reached XP level 13. HP: 111/118 MP: 17/17
 11612 | Lair:3   | Killed Rupert
 11755 | Lair:3   | Reached skill level 10 in Dodging
 12267 | Lair:4   | Found a hole to the Spider Nest.
 12474 | Lair:4   | Reached ****** piety under Makhleb
 12940 | Lair:5   | Identified the +7 flail "Meufoelu" {flame, MP+9 Int+3} (You took it off an orc warrior on level 9 of the Dungeon)
 13284 | Lair:5   | Identified the ring "Uzois" {Str+7 Slay+3 Stlth+} (You found it in a labyrinth)
 13445 | Lair:5   | Noticed Kirke
 13466 | Lair:5   | Killed Kirke
 13829 | Lair:5   | Noticed Urug
 13839 | Lair:5   | Killed Urug
 13839 | Lair:5   | Gained mutation: You resist negative energy. (rN+) [Deep Dwarf growth]
 13839 | Lair:5   | Reached XP level 14. HP: 129/129 MP: 18/18
 14089 | Lair:6   | Entered Level 6 of the Lair of Beasts
 14322 | Lair:6   | Found a staircase to the Slime Pits.
 14324 | Lair:6   | Found a viscous altar of Jiyva.
 14589 | Lair:6   | Reached skill level 10 in Fighting
 15745 | D:12     | Noticed Nessos
 15751 | D:12     | Killed Nessos
 16513 | D:13     | Reached XP level 15. HP: 131/140 MP: 19/19
 16540 | D:13     | Found a gate to the Vaults.
 16991 | D:14     | Noticed Roxanne
 17013 | D:14     | Killed Roxanne
 17107 | D:14     | Found a runed gate.
 17107 | D:14     | Found a runed gate.
 17107 | D:14     | Found a runed gate.
 17107 | D:14     | Noticed Joegoef's ghost (journeyman DEAE)
 17107 | D:14     | Noticed Joegoef's ghost (journeyman DEAE)
 17107 | D:14     | Noticed Oropasm's ghost (journeyman SpBe)
 17109 | D:14     | Noticed Yxiy's ghost (journeyman TrMo)
 17476 | D:14     | Found a blossoming altar of Fedhas.
 17561 | D:14     | Found a runed door.
 17713 | D:15     | Entered Level 15 of the Dungeon
 17900 | D:15     | Reached skill level 15 in Evocations
 18142 | D:15     | Reached XP level 16. HP: 119/151 MP: 20/20
 18160 | D:15     | Found a staircase to the Depths.
 18294 | D:15     | Found a bloodstained altar of Trog.
 18462 | Orc:1    | Entered Level 1 of the Orcish Mines
 18577 | Orc:1    | Found Qoub's Food Shoppe.
 18618 | Orc:2    | Entered Level 2 of the Orcish Mines
 18716 | Orc:1    | Found Tathresa's Armour Emporium.
 19053 | Orc:2    | Found a staircase to the Elven Halls.
 19151 | Orc:2    | Found Virghasay's Food Boutique.
 19151 | Orc:2    | Found Tyrigoto's Weapon Shoppe.
 19164 | Orc:2    | Found Engairel's Assorted Antiques.
 19164 | Orc:2    | Found Cezatai's Gadget Shoppe.
 19193 | Orc:2    | Bought a wand of paralysis (8) for 120 gold pieces
 19193 | Orc:2    | Bought a wand of acid (7) for 264 gold pieces
 19194 | Orc:2    | Bought a scroll of enchant armour for 247 gold pieces
 19194 | Orc:2    | Bought a murky ruby potion for 29 gold pieces
 19194 | Orc:2    | Bought a scroll of identify for 66 gold pieces
 19563 | Orc:1    | Bought a +3 plate armour of poison resistance for 672 gold pieces
 19763 | Swamp:1  | Entered Level 1 of the Swamp
 20786 | Swamp:2  | Got a sparkling tin ring
 20844 | Swamp:2  | Identified the ring of the Messenger {MR+ Dex+5} (You found it on level 2 of the Swamp)
 21974 | Swamp:4  | Entered Level 4 of the Swamp
 21974 | Swamp:4  | Noticed a thorn hunter
 21986 | Swamp:4  | Killed a thorn hunter
 22250 | Swamp:4  | Noticed Nikola
 22272 | Swamp:4  | Killed Nikola
 22272 | Swamp:4  | Reached XP level 17. HP: 162/162 MP: 22/22
 22848 | Swamp:4  | Got a decaying rune of Zot
 23127 | Vaults:1 | Entered Level 1 of the Vaults
 23498 | Vaults:1 | Reached skill level 15 in Shields
 23624 | Vaults:1 | Reached skill level 15 in Armour
 23720 | Vaults:1 | Found Loplolo's Assorted Antiques.
 23728 | Vaults:1 | Bought a murky ruby potion for 30 gold pieces
 23818 | Vaults:1 | Reached skill level 15 in Axes
 23920 | Vaults:1 | Found the +7 longbow "Piercer" {penet, EV-2}
 24231 | Vaults:1 | Gained mutation: You passively map a large area around you. [Deep Dwarf growth]
 24231 | Vaults:1 | Reached XP level 18. HP: 171/171 MP: 23/23
 24249 | Vaults:1 | Found Eden's Antique Weapon Boutique.
 24526 | Vaults:1 | Found Coserhaa's Magic Scroll Boutique.
 24534 | Vaults:1 | Bought a scroll of enchant weapon for 112 gold pieces
 24534 | Vaults:1 | Bought a scroll of brand weapon for 300 gold pieces
 24534 | Vaults:1 | Bought a scroll of vulnerability for 112 gold pieces
 24534 | Vaults:1 | Bought a scroll of identify for 30 gold pieces
 24534 | Vaults:1 | Bought a scroll of identify for 30 gold pieces
 24534 | Vaults:1 | Bought a scroll of identify for 30 gold pieces
 24539 | Vaults:1 | Bought a scroll of identify for 30 gold pieces
 25484 | Vaults:2 | Noticed Mennas
 25986 | Vaults:2 | Killed Mennas
 26303 | Vaults:3 | Reached XP level 19. HP: 176/182 MP: 25/25
 26477 | Vaults:3 | Identified Gisa's Papyrus of Air
 26603 | Vaults:3 | Noticed Boris
 26630 | Vaults:3 | Killed Boris
 26904 | Vaults:3 | Found a staircase to the Crypt.
 27891 | Vaults:4 | Identified a scroll of acquirement
 27896 | Vaults:4 | Got an encrusted broad axe
 28235 | Vaults:4 | Noticed a lich
 28249 | Vaults:4 | Killed a lich
 28454 | Vaults:4 | Found Lewuebecw's Distillery.
 28471 | Vaults:4 | Bought a potion of mutation for 152 gold pieces
 28522 | Vaults:4 | Gained mutation: Your mind is acute. (Int +2) [potion of mutation]
 28522 | Vaults:4 | Gained mutation: You are partially covered in icy blue scales. (AC +2) [potion of mutation]
 28522 | Vaults:4 | Gained mutation: You are partially covered in large bone plates. (SH +4) [potion of mutation]
 28583 | Vaults:4 | Found an ornate altar of the Wu Jian Council.
 28603 | Vaults:4 | Identified the +0 broad axe of Fate {pain, Str+3 SInv Stlth+} (You acquired it on level 4 of the Vaults)
 28883 | Vaults:2 | Reached XP level 20. HP: 149/192 MP: 24/24
 29087 | Elf:1    | Entered Level 1 of the Elven Halls
 29212 | Elf:1    | Noticed Donald
 29225 | Elf:1    | Killed Donald
 29233 | Elf:1    | Identified the +6 shield of the Salmon {rC++ Stlth+} (You took it off Donald on level 1 of the Elven Halls)
 30097 | Elf:2    | Reached skill level 15 in Fighting
 30428 | Elf:2    | Found a huge runed gate.
 30428 | Elf:2    | Found a huge runed gate.
 30433 | Elf:2    | Found a huge runed gate.
 30433 | Elf:2    | Found a huge runed gate.
 30433 | Elf:2    | Found a huge runed gate.
 30931 | Elf:2    | Identified the +0 large shield "Jiah" {rN++} (You found it on level 2 of the Elven Halls)
 30934 | Elf:2    | Got a wavering pewter ring
 30939 | Elf:2    | Identified the ring "Ryfudaig" {Str+3 Slay+3 Stlth+} (You found it on level 2 of the Elven Halls)
 30945 | Elf:2    | Got a clouded pewter amulet
 30946 | Elf:2    | Identified the amulet of Perfectionism {Gourm MR- Str+6} (You found it on level 2 of the Elven Halls)
 31118 | Elf:3    | Entered Level 3 of the Elven Halls
 31181 | Elf:3    | Noticed Aizul
 31191 | Elf:3    | Killed Aizul
 31343 | Elf:3    | Found Komug's Food Emporium.
 31491 | Elf:3    | Reached XP level 21. HP: 202/202 MP: 26/26
 31619 | Elf:3    | Got a heavily runed granite ring
 31621 | Elf:3    | Identified the cursed ring of Ovviqom {MR+ EV-3 SInv Stlth-} (You took it off a deep elf elementalist on level 3 of the Elven Halls)
 31654 | Elf:3    | Got a bound ivory ring
 31853 | Elf:3    | Noticed Bai Suzhen
 31875 | Elf:3    | Killed Bai Suzhen
 32239 | Elf:3    | Got a faintly glowing lapis lazuli ring
 32255 | Elf:3    | Identified the ring of the Bull {rN+ MR+} (You took it off a deep elf demonologist on level 3 of the Elven Halls)
 32279 | Elf:3    | Identified the ring "Ashuecze" {rF- Str+4 Int+5 Dex+2 Slay+6} (You found it on level 3 of the Elven Halls)
 32288 | Elf:3    | Got a scintillating pewter amulet
 32290 | Elf:3    | Identified the amulet of the Present {Spirit rF+ Dex+3 Slay-3} (You found it on level 3 of the Elven Halls)
 32545 | Orc:2    | Bought a +1 broad axe of chopping for 169 gold pieces
 32562 | Orc:2    | Bought a box of beasts for 240 gold pieces
 32809 | Spider:1 | Entered Level 1 of the Spider Nest
 33390 | Spider:2 | Noticed Frances
 33403 | Spider:2 | Killed Frances
 33549 | Spider:2 | Noticed Azrael
 33559 | Spider:2 | Killed Azrael
 34371 | Spider:4 | Entered Level 4 of the Spider Nest
 34596 | Spider:4 | Reached XP level 22. HP: 213/213 MP: 1/27
 34704 | Spider:4 | Noticed Arachne
 34719 | Spider:4 | Killed Arachne
 35119 | Spider:4 | Got a gossamer rune of Zot
 35634 | Vaults:5 | Entered Level 5 of the Vaults
 35765 | Vaults:5 | Noticed a golden dragon
 35785 | Vaults:5 | Killed a golden dragon
 35786 | Vaults:5 | Noticed an ancient lich
 35814 | Vaults:5 | Killed an ancient lich
 35847 | Vaults:5 | Got a clouded silver amulet
 35848 | Vaults:5 | Identified the amulet "Zukkal" {Spirit rPois Dex+3 Slay-2 SInv} (You took it off a yaktaur captain on level 5 of the Vaults)
 35889 | Vaults:5 | Reached XP level 23. HP: 224/224 MP: 21/29
 36041 | Vaults:5 | Got a heavily runed granite ring
 36043 | Vaults:5 | Got a polished plate armour
 36212 | Vaults:5 | Identified a +0 pair of boots of running (You found it on level 5 of the Vaults)
 36301 | Vaults:5 | Identified the +3 plate armour of the Hurricane {MR- Str+7 Int-2 SInv} (You took it off a vault warden on level 5 of the Vaults)
 36662 | Vaults:5 | Found Bixuejoos's Gadget Boutique.
 36670 | Vaults:5 | Bought a wand of paralysis (14) for 320 gold pieces
 36670 | Vaults:5 | Bought a wand of acid (3) for 280 gold pieces
 36673 | Vaults:5 | Got a silver rune of Zot
 36879 | Crypt:1  | Entered Level 1 of the Crypt
 36968 | Crypt:1  | Noticed Frederick
 36986 | Crypt:1  | Killed Frederick
 37688 | Crypt:2  | Noticed Moirulut's ghost (adept GrFi)
 37695 | Crypt:2  | Found a transporter.
 37698 | Crypt:2  | Found a transporter.
 37786 | Crypt:2  | Killed Moirulut's ghost
 37798 | Crypt:2  | Got a brightly glowing copper ring
 37802 | Crypt:2  | Identified the ring of Mettim {*Drain Str+3 Int-2 Dex+5 Stlth-} (You found it on level 2 of the Crypt)
 37938 | Crypt:2  | Identified the ring "Eheisad" {*Slow rF+ EV+1 Str+10 Dex-2} (You took it off a fire giant on level 5 of the Vaults)
 38229 | Crypt:3  | Entered Level 3 of the Crypt
 38498 | Crypt:3  | Got a steaming silver ring
 38498 | Crypt:3  | Got a flickering iron ring
 38729 | Crypt:3  | Found the +8 demon blade "Leech" {vamp, rN+ AC-3 EV-3}
 38928 | Crypt:3  | Reached XP level 24. HP: 237/237 MP: 29/29
 39160 | Crypt:3  | Found a staircase to the Tomb.
 39210 | Crypt:3  | Noticed an ancient lich
 39219 | Crypt:3  | Killed an ancient lich
 39265 | Crypt:3  | Identified the ring "Daes" {rF- rC+++ rN+ Str+3 Dex+2} (You found it on level 3 of the Crypt)
 39268 | Crypt:3  | Identified the ring "Cipexzit" {rN+ Stlth+} (You found it on level 3 of the Crypt)
 39796 | Depths:1 | Entered Level 1 of the Depths
 39810 | Depths:1 | Found a one-way gate leading to the halls of Pandemonium.
 39966 | Depths:1 | Found Util's One-of-a-Kind Books.
 40141 | Depths:1 | Found a gateway to Hell.
 40467 | Depths:1 | Found Veptorhi's Food Shop.
 40769 | Depths:2 | Found Kopsegg's Gadget Shoppe.
 40771 | Depths:2 | Found Xueleip's Antique Weapon Emporium.
 40773 | Depths:2 | Found Plog's Gadget Shoppe.
 40777 | Depths:2 | Bought a sack of spiders for 400 gold pieces
 40777 | Depths:2 | Bought a box of beasts for 400 gold pieces
 40785 | Depths:2 | Bought a sack of spiders for 480 gold pieces
 40785 | Depths:2 | Bought a wand of acid (10) for 672 gold pieces
 40824 | Depths:2 | Found a one-way gate to the infinite horrors of the Abyss.
 40890 | Depths:2 | Noticed Sojobo
 40920 | Depths:2 | Killed Sojobo
 41001 | Depths:2 | Paralysed by a floating eye for 4 turns
 41084 | Depths:2 | Noticed Mara
 41101 | Depths:2 | Noticed kuniqs's illusion
 41119 | Depths:2 | Killed Mara
 41203 | Depths:2 | Noticed a juggernaut
 41203 | Depths:2 | Noticed a juggernaut
 41227 | Depths:2 | Reached XP level 25. HP: 249/249 MP: 30/30
 41235 | Depths:2 | Killed a juggernaut
 41248 | Depths:2 | Killed a juggernaut
 41426 | Depths:2 | Found Hexov's Food Shoppe.
 41665 | Depths:3 | Noticed a juggernaut
 41826 | Depths:3 | Noticed Margery
 41844 | Depths:3 | Killed Margery
 42530 | Depths:3 | Found a bloodstained altar of Trog.
 42712 | Depths:3 | Noticed the Enchantress
 42728 | Depths:3 | Killed the Enchantress
 42917 | Depths:3 | You fall through a shaft for 2 floors!
 42917 | Depths:5 | Entered Level 5 of the Depths
 43070 | Depths:4 | Reached skill level 27 in Evocations
 43136 | Depths:4 | Found a basalt altar of Yredelemnul.
 43568 | Depths:4 | Noticed a juggernaut
 43579 | Depths:4 | Killed a juggernaut
 43603 | Depths:4 | Reached XP level 26. HP: 266/266 MP: 31/31
 44455 | Depths:5 | Found a gate to the Realm of Zot.
 44604 | Depths:5 | Noticed Jorgrun
 44618 | Depths:5 | Killed Jorgrun
 44849 | Depths:5 | Found a gateway to a ziggurat.
 45011 | Depths:5 | Found a portal to a secret trove of treasure.
 45334 | Depths:5 | Reached XP level 27. HP: 284/284 MP: 31/31
 45339 | Depths:5 | Found a viscous altar of Jiyva.
 45433 | Zot:1    | Entered Level 1 of the Realm of Zot
 46894 | Zot:2    | Noticed an orb of fire
 46900 | Zot:2    | Gained mutation: Armour fits poorly on your strangely shaped body. [an orb of fire]
 46908 | Zot:2    | Killed an orb of fire
 46909 | Zot:2    | Lost mutation: Your mind is acute. (Int +2) [potion of mutation]
 46909 | Zot:2    | Lost mutation: You are partially covered in large bone plates. (SH +4) [potion of mutation]
 46909 | Zot:2    | Lost mutation: Armour fits poorly on your strangely shaped body. [potion of mutation]
 46909 | Zot:2    | Gained mutation: You have large cloven feet. [potion of mutation]
 46909 | Zot:2    | Lost mutation: You are partially covered in icy blue scales. (AC +2) [potion of mutation]
 46909 | Zot:2    | Gained mutation: Your muscles are strong. (Str +2) [potion of mutation]
 48213 | Zot:4    | Reached skill level 27 in Fighting
 48793 | Zot:5    | Entered Level 5 of the Realm of Zot
 48905 | Zot:5    | Noticed an ancient lich
 48921 | Zot:5    | Killed an ancient lich
 48940 | Zot:5    | Noticed an orb of fire
 48952 | Zot:5    | Killed an orb of fire
 48991 | Zot:5    | Reached skill level 15 in Dodging
 49047 | Zot:5    | Noticed an ancient lich
 49060 | Zot:5    | Killed an ancient lich
 49066 | Zot:5    | Noticed an ancient lich
 49075 | Zot:5    | Killed an ancient lich
 49075 | Zot:5    | Noticed an orb of fire
 49084 | Zot:5    | Killed an orb of fire
 49091 | Zot:5    | Noticed an orb of fire
 49096 | Zot:5    | Noticed an orb of fire
 49105 | Zot:5    | Killed an orb of fire
 49107 | Zot:5    | Gained mutation: You are partially covered in thin metallic scales. (AC +2) [an orb of fire]
 49108 | Zot:5    | Killed an orb of fire
 49247 | Zot:5    | Got the Orb of Zot
 49300 | Zot:5    | Noticed an ancient lich
 49310 | Zot:5    | Killed an ancient lich
 49520 | Depths:1 | Noticed Bolok the pandemonium lord
 49521 | Depths:1 | BOLOK LOL
 49773 | D:3      | Noticed Natasha
 49778 | D:3      | Killed Natasha
 49779 | D:3      | PUSSY
 49834 | D:$      | Escaped with the Orb!

Vault maps used:
D:1:      saegor_arrival_simple_d
D:2:      lemuel_doored_altar, nicolae_overflow_hidden_temple, first_ration,
          minmay_misc_feat_columns, kennysheep_generic_room_11
D:3:      chequers_temple_overflow_minitemple, grunt_decor_cap,
          mrwooster_statue_mirror, minmay_misc_feat_nine_boxes,
          eino_tiny_chamber, roderic_serpentine_path, bh_chokoban, uniq_natasha
D:4:      chequers_temple_overflow_statue_of_worship, serial_shops, shop,
          uniq_menkaure, uniq_pikel
D:5:      nicolae_qazlal_eye_of_the_storm, marbit_many_paths
D:6:      lemuel_old_faithful, uniq_eustachio
D:7:      temple_hall, grunt_ogre_cave, makhleb_heckhound_becter, uniq_harold
D:8:      kennysheep_mini, gammafunk_ghost_ooze
D:9:      lemuel_crystal_altar, lair_entry_dummy, biasface_ghost_orc_armoury,
          nicolae_wwwww, minmay_misc_feat_more_columns, minivault_29
D:10:     uniq_erolcha, uniq_sonja, uniq_josephine
D:11:     orc_0_dummy, minmay_door_square
D:12:     corexii_checkpoint_a, uniq_nessos
D:13:     erik_vaults_2, serial_column_ruins, column_ruins_hut_ruined,
          column_ruins_corridor_plus, column_ruins_open_small,
          column_ruins_columns_corner, column_ruins_grid_4,
          column_ruins_open_small
D:14:     gammafunk_ghost_cemetery, fedhas_altar_4, lightli_airlock,
          uniq_roxanne
D:15:     gammafunk_depths_entry_grave, minivault_27, basic_altar
Temple:   minmay_temple_curvy_loop
Lair:2:   minmay_lair_venomous_thicket, lab_entry_generic,
          gammafunk_ghost_necromancy, infiniplex_staircase_pool
Lair:3:   minmay_swamp_entry_worms, ebering_ghost_xom, minmay_lair_oklob_items,
          grunt_megastairs_1, uniq_rupert
Lair:4:   spider_nest_entry_a, wad_woods_road_04, serial_bayou_shore_b
Lair:5:   lemuel_slime, uniq_kirke, uniq_urug
Lair:6:   hangedman_lair_in_review, guppyfry_lair_end_dragon, slime_altar_1,
          grunt_forest_large_clearings
Swamp:1:  evilmike_swamp_ruin_house_4, swamp_pool2
Swamp:2:  hangedman_swamp_diagram, swamp_pool5
Swamp:3:  evilmike_swamp_ruin_rubble_1
Swamp:4:  swamp_icy, uniq_nikola
Spider:1: hangedman_spider_trapstep
Spider:2: uniq_azrael, uniq_frances
Spider:3: nicolae_looking_at_the_future
Spider:4: johnstein_spider_rune_arachne_lair
Orc:1:    serial_shops, shop_statue, shop
Orc:2:    grunt_orc_tribal_feast, minmay_orc_keep
Elf:1:    eino_elf_arrival_customs, evilmike_minifort, minivault_23,
          roderic_lattice_octagonal_star, uniq_donald
Elf:2:    minmay_checkered_concentric_circles
Elf:3:    minmay_elf_hall_curves, serial_shops, shop, st_stairs_11,
          fake_guardian_serpent_vault, grunt_megastairs_5, uniq_aizul,
          uniq_bai_suzhen
Vaults:1: v_misc_5, hangedman_vaults_stagger, nicolae_vaults_big_ls,
          v_alt_pattern_2, nicolae_vaults_good_morning_starshine,
          nicolae_vaults_asterisk, hangedman_vaults_hat, grunt_vaults_funnel,
          vaults_dpeg_diagonal, vaults_mumra_lcd, serial_shops,
          nicolae_shop_behind_doors, shop, nicolae_shop_overgrown_old_shop
Vaults:2: nicolae_vaults_twisting_passages, nicolae_vaults_halls_meeting,
          nicolae_vaults_rhombus_5, ontoclasm_vaults_gateway, serial_ice_b,
          v_misc_15, v_misc_1, v_misc_3, nicolae_vaults_ring_of_whatevers,
          v_alt_pattern_3, nicolae_vaults_shelves_hall, vaults_room_fancy_cross,
          uniq_mennas
Vaults:3: hangedman_vaults_unwind, vaults_mumra_chevron,
          nicolae_vaults_rhombus_7, vaults_room_pools,
          nicolae_vaults_disjoint_gnomons, minmay_crypt_entry_skeletal_spiral,
          st_lattice, vaults_standard_mumra_lines, grunt_vaults_swirl,
          v_rooms_5, v_misc_4, vaults_dpeg_spiral, vaults_dpeg_hooks,
          grunt_vaults_hallway_short, v_misc_15, ontoclasm_vaults_ring_square,
          nicolae_vaults_ring_of_whatevers, serial_hangedman_research,
          hangedman_research_electronics, hangedman_research_geology, uniq_boris
Vaults:4: ontoclasm_vaults_decontamination, nicolae_vaults_triangles,
          hangedman_vaults_impose, hangedman_vaults_slither, v_misc_17,
          ontoclasm_vaults_bender, serial_ice_h,
          nicolae_vaults_diagonal_hallway_6, basic_altar, serial_shops, shop
Vaults:5: serial_shops
Crypt:1:  st_stairs_8, uniq_frederick
Crypt:2:  gammafunk_ghost_arena
Crypt:3:  quadcrypt_mu
Depths:1: pf_coc_iceberg, serial_shops, shop, hangedman_decor_opposing,
          pan_entry, nicolae_rare_books
Depths:2: grunt_arcs, minmay_room_of_horrors, hell_entry, serial_shops,
          nicolae_shop_competitors_out_of_business, infiniplex_staircase_x,
          minmay_shop_star, uniq_sojobo, uniq_mara
Depths:3: spriggan_forest, pan_entry, hell_entry, abyss_entry, uniq_margery
Depths:4: minmay_the_grid_square_5x5_5x5, hellmouth_1, basic_altar,
          hangedman_abyss_entry_splay
Depths:5: grunt_x_marks_the_spot, enter_ziggurat_c,
          serial_sigils_hangedman_confine, abyss_entry_crystal, special_room,
          nicolae_trove_entry_free_sample, hell_entry, uniq_jorgrun
Zot:2:    st_large_dragon_hoard_1, basic_stair_grate_trap
Zot:3:    nicolae_zot_stationary_front
Zot:4:    grunt_ministairs_5
Lab:      labyrinth_spiral, nicolae_lab_garden, labyrinth_skeletal_remains,
          nicolae_lab_t_cross, nicolae_lab_grate, labyrinth_lava_lair,
          nicolae_lab_x, lab_hedge, nicolae_lab_quarters, lab_block

Skill      XL: |  1  2  3  4  5  6  7  8  9 10 11 12 13 14 15 16 17 18 19 20 21 22 23 24 25 26 27 |
---------------+----------------------------------------------------------------------------------+-----
Dodging        | 1 2 3 4 5 6 7 8 9 10 19 | 19.5
Fighting       | 3 4 5 6 7 8 9 10 11 12 13 14 15 16 17 18 19 21 24 27 | 27.0
Axes           | 3 4 5 6 7 8 10 11 12 13 14 15 16 17 18 | 18.0
Armour         | 4 5 6 7 8 9 10 11 12 13 14 15 16 17 18 19 21 22 | 22.0
Evocations     | 1 3 4 5 7 8 9 11 12 14 15 16 17 18 19 20 21 22 23 25 27 | 27.0
Shields        | 4 5 6 7 8 9 10 11 12 13 14 15 16 17 18 19 20 | 20.0
Invocations    | 2 5 7 8 |  8.0

Action                   |  1- 3 |  4- 6 |  7- 9 | 10-12 | 13-15 | 16-18 | 19-21 | 22-24 | 25-27 || total
-------------------------+-------+-------+-------+-------+-------+-------+-------+-------+-------++-------
Melee: War axe           |    27 |    21 |   159 |   826 |  1130 |  1555 |  1317 |       |       ||  5035
       Whip              |    94 |    81 |   358 |       |       |       |       |       |       ||   533
       Flail             |       |       |       |       |    38 |       |       |       |       ||    38
       Broad axe         |       |       |       |       |       |       |   329 |  1406 |  1666 ||  3401
Throw: Tomahawk          |     1 |     1 |       |       |       |       |       |       |       ||     2
       Throwing net      |       |       |       |       |       |       |     2 |     1 |     1 ||     4
Invok: Minor Destruction |       |       |       |     8 |       |     4 |    13 |       |       ||    25
       Lesser Servant of |       |       |       |       |     8 |       |       |     5 |       ||    13
 Abil: Heal Wounds       |     1 |     2 |     6 |     7 |    11 |     4 |     9 |       |     9 ||    49
       Evoke Blink       |       |       |       |       |       |     1 |       |       |       ||     1
Evoke: Wand              |       |       |     5 |    18 |    23 |    45 |     9 |     9 |    29 ||   138
       Lamp of fire      |       |       |       |       |       |     1 |     2 |     1 |     1 ||     5
       Box of beasts     |       |       |       |       |       |       |       |       |     1 ||     1
  Use: Scroll            |       |       |    10 |     4 |     7 |    18 |    16 |    11 |    18 ||    84
       Potion            |       |       |     1 |       |     3 |     6 |     7 |     6 |    10 ||    33
 Stab: Paralysed         |       |       |     4 |    17 |    15 |    81 |     4 |     2 |       ||   123
       Petrified         |       |       |       |       |     1 |       |       |       |       ||     1
       Distracted        |       |       |       |       |     4 |     1 |       |       |     1 ||     6
       Held in net/web   |       |       |       |       |       |       |     3 |     4 |       ||     7
  Eat: Chunk             |     3 |     2 |    11 |    18 |    26 |    23 |    22 |     5 |    26 ||   136
       Ration            |       |       |       |     2 |       |     2 |     2 |     5 |     3 ||    14
Armor: Scale mail        |    50 |    38 |   170 |       |       |       |       |       |       ||   258
       Chain mail        |       |       |    18 |     6 |       |       |       |       |       ||    24
       Plate armour      |       |       |       |   176 |   442 |   606 |   317 |       |       ||  1541
       Pearl dragon scal |       |       |       |   128 |       |       |       |       |       ||   128
       Storm dragon scal |       |       |       |       |       |       |    99 |   356 |     2 ||   457
       Gold dragon scale |       |       |       |       |       |       |       |       |   537 ||   537
       Skin              |       |       |       |       |       |       |       |       |    14 ||    14
Dodge: Dodged            |    37 |    26 |   287 |   491 |   418 |   355 |   346 |   246 |   310 ||  2516
Block: Shield            |    48 |    38 |   285 |   539 |   466 |       |   357 |       |       ||  1733
       Large shield      |       |       |       |       |   348 |  1453 |  1262 |  1548 |  1870 ||  6481

Table legend:
 A = Spawn XP
 B = Non-spawn XP
 C = Spawn XP percentage of total XP
 D = Spawn monster count
 E = Non-spawn monster count
 F = Spawn count percentage of total count
 G = Total turns spent on level
                    A         B        C        D         E        F      G
               +---------+---------+-------+---------+---------+-------+---------
         Total |       0 | 1957429 |   0.0 |       0 |    2743 |   0.0 | 49834
               +---------+---------+-------+---------+---------+-------+---------
           D:1 |       0 |      46 |   0.0 |       0 |      20 |   0.0 |   916
           D:2 |       0 |      15 |   0.0 |       0 |      10 |   0.0 |   613
           D:3 |       0 |     239 |   0.0 |       0 |      12 |   0.0 |   941
           D:4 |       0 |    1116 |   0.0 |       0 |      19 |   0.0 |  1164
           D:5 |       0 |     648 |   0.0 |       0 |      26 |   0.0 |   796
           D:6 |       0 |     861 |   0.0 |       0 |      18 |   0.0 |   839
           D:7 |       0 |    2701 |   0.0 |       0 |      29 |   0.0 |   969
           D:8 |       0 |    2197 |   0.0 |       0 |      32 |   0.0 |   951
           D:9 |       0 |    6770 |   0.0 |       0 |      77 |   0.0 |  1126
          D:10 |       0 |    5006 |   0.0 |       0 |      24 |   0.0 |   688
          D:11 |       0 |    4911 |   0.0 |       0 |      56 |   0.0 |  1084
          D:12 |       0 |    5649 |   0.0 |       0 |      22 |   0.0 |   768
          D:13 |       0 |    9681 |   0.0 |       0 |      20 |   0.0 |   503
          D:14 |       0 |   20486 |   0.0 |       0 |      59 |   0.0 |   887
          D:15 |       0 |   32813 |   0.0 |       0 |      73 |   0.0 |   753
        Lair:1 |       0 |    3799 |   0.0 |       0 |      16 |   0.0 |   810
        Lair:2 |       0 |    6871 |   0.0 |       0 |      32 |   0.0 |  1012
        Lair:3 |       0 |    9718 |   0.0 |       0 |      32 |   0.0 |  1007
        Lair:4 |       0 |    5857 |   0.0 |       0 |      29 |   0.0 |   826
        Lair:5 |       0 |   13173 |   0.0 |       0 |      52 |   0.0 |  1177
        Lair:6 |       0 |   26100 |   0.0 |       0 |      88 |   0.0 |  1443
       Swamp:1 |       0 |   10373 |   0.0 |       0 |      27 |   0.0 |   743
       Swamp:2 |       0 |   13063 |   0.0 |       0 |      28 |   0.0 |   843
       Swamp:3 |       0 |    9808 |   0.0 |       0 |      27 |   0.0 |   714
       Swamp:4 |       0 |   26347 |   0.0 |       0 |      52 |   0.0 |   888
      Spider:1 |       0 |   16680 |   0.0 |       0 |      50 |   0.0 |   543
      Spider:2 |       0 |   23139 |   0.0 |       0 |      48 |   0.0 |   534
      Spider:3 |       0 |   14255 |   0.0 |       0 |      46 |   0.0 |   523
      Spider:4 |       0 |   43177 |   0.0 |       0 |      80 |   0.0 |   886
         Orc:1 |       0 |    2427 |   0.0 |       0 |      29 |   0.0 |   465
         Orc:2 |       0 |    7267 |   0.0 |       0 |      43 |   0.0 |   911
         Elf:1 |       0 |   29508 |   0.0 |       0 |      52 |   0.0 |  1010
         Elf:2 |       0 |   52592 |   0.0 |       0 |      78 |   0.0 |  1128
         Elf:3 |       0 |   80234 |   0.0 |       0 |      74 |   0.0 |  1290
      Vaults:1 |       0 |   77462 |   0.0 |       0 |     111 |   0.0 |  1755
      Vaults:2 |       0 |   68063 |   0.0 |       0 |      89 |   0.0 |  1598
      Vaults:3 |       0 |   68571 |   0.0 |       0 |     115 |   0.0 |  1676
      Vaults:4 |       0 |   32275 |   0.0 |       0 |      49 |   0.0 |  1159
      Vaults:5 |       0 |  157003 |   0.0 |       0 |     149 |   0.0 |  1123
       Crypt:1 |       0 |   33966 |   0.0 |       0 |      48 |   0.0 |   746
       Crypt:2 |       0 |   36783 |   0.0 |       0 |      50 |   0.0 |   637
       Crypt:3 |       0 |   55612 |   0.0 |       0 |      81 |   0.0 |  1386
      Depths:1 |       0 |   38139 |   0.0 |       0 |      46 |   0.0 |   858
      Depths:2 |       0 |  128954 |   0.0 |       0 |     100 |   0.0 |  1020
      Depths:3 |       0 |   73608 |   0.0 |       0 |     119 |   0.0 |  1303
      Depths:4 |       0 |  143234 |   0.0 |       0 |     121 |   0.0 |  1457
      Depths:5 |       0 |   97329 |   0.0 |       0 |      63 |   0.0 |  1123
         Zot:1 |       0 |   51860 |   0.0 |       0 |      27 |   0.0 |  1097
         Zot:2 |       0 |   64321 |   0.0 |       0 |      34 |   0.0 |   900
         Zot:3 |       0 |  100917 |   0.0 |       0 |      61 |   0.0 |   742
         Zot:4 |       0 |   49451 |   0.0 |       0 |      32 |   0.0 |   691
         Zot:5 |       0 |  191123 |   0.0 |       0 |      67 |   0.0 |   559
           Lab |       0 |    1231 |   0.0 |       0 |       1 |   0.0 |   118
               +---------+---------+-------+---------+---------+-------+---------
